 Dungeon Crawl Stone Soup version 0.30-a0-373-gd37427bb62 (webtiles) character file.

Game seed: 2109587183186757864

23082 timneilson the Blocker (level 13, -12/79 HPs)
             Began as a Gargoyle Fighter on Nov 23, 2022.
             Was a High Priest of Okawaru.
             Mangled by a tengu warrior
             ... wielding a +0 great sword
              (33 damage)
             ... on level 14 of the Dungeon.
             The game lasted 01:22:10 (15299 turns).

timneilson the Blocker (Gargoyle Fighter)          Turns: 15299, Time: 01:22:10

Health: -12/79     AC: 39    Str: 25    XL:     13   Next: 4%
Magic:  18/18      EV:  8    Int:  9    God:    Okawaru [*****.]
Gold:   658        SH: 18    Dex:  9    Spells: 12/12 levels left

rFire   . . .      SeeInvis +    I - +4 long sword (chaos)
rCold   . . .      Faith    .    n - +2 kite shield {AC+3}
rNeg    + . .      Spirit   .    C - +0 plate armour
rPois   ∞          Reflect  +    f - +1 hat
rElec   +          Harm     .    z - +0 cloak
rCorr   .          Rampage  .    e - +2 pair of gloves
Will    .....                    w - +0 pair of boots
Stlth   ..........               G - amulet of reflection
HPRegen 0.33/turn                v - ring of see invisible
MPRegen 0.16/turn                H - +4 ring of protection

@: hasted, very quick
A: sickness immunity, AC +9, negative energy resistance 1, electricity
resistance, torment resistance 1, petrification resistance
a: Renounce Religion, Heroism, Finesse, Duel


You were on level 14 of the Dungeon.
You worshipped Okawaru.
Okawaru was extremely pleased with you.
You visited 1 branch of the dungeon, and saw 14 of its levels.

You collected 658 gold pieces.

Inventory:

Hand Weapons
 d - a +4 scimitar of flaming
 I - a +4 long sword of chaos (weapon)
Armour
 e - a +2 pair of gloves (worn)
 f - a +1 hat (worn)
 n - a +2 kite shield of protection (worn)
 w - a +0 pair of boots (worn)
 z - a +0 cloak (worn)
 C - a +0 plate armour (worn)
Jewellery
 v - a ring of see invisible (left hand)
 E - a ring of fire
 G - an amulet of reflection (around neck)
 H - a +4 ring of protection (right hand)
Wands
 m - a wand of roots (11)
 r - a wand of mindburst (6)
 u - a wand of flame (21)
 L - a wand of paralysis (9)
Scrolls
 g - 2 scrolls of enchant weapon
 h - 3 scrolls of teleportation
 k - 4 scrolls of poison
 q - 2 scrolls of enchant armour
 y - a scroll of fear
 A - 3 scrolls of blinking
 F - a scroll of fog
 K - a scroll of amnesia
 O - a scroll of magic mapping
Potions
 b - 3 potions of mutation
 i - 5 potions of curing
 j - 2 potions of cancellation
 l - 3 potions of flight
 o - a potion of attraction
 p - a potion of resistance
 x - 3 potions of might
 B - 2 potions of lignification
 D - a potion of brilliance {unknown}
Miscellaneous
 t - a tin of tremorstones (2/2)


   Skills:
 + Level 8.3 Fighting
 * Level 9.3 Long Blades
 * Level 11.3 Armour
 + Level 5.7 Dodging
 * Level 11.3 Shields
 + Level 7.2 Invocations
 + Level 5.5 Evocations


You had 12 spell levels left.
You didn't know any spells.
Your spell library contained the following spells:

 Spells                   Type           Power      Damage    Failure   Level
 Ensorcelled Hibernation  Hex/Ice        0%         N/A       100%        2
 Passwall                 Tmut/Erth      0%         N/A       100%        2
 Wereblood                Tmut           0%         N/A       100%        2
 Dazzling Flash           Conj/Hex       0%         N/A       100%        3
 Stone Arrow              Conj/Erth      0%         3d7       100%        3
 Swiftness                Air            0%         N/A       100%        3
 Iskenderun's Mystic Bla  Conj/Tloc      0%         2d3       100%        4
 Agony                    Necr           0%         N/A       100%        5
 Silence                  Hex/Air        0%         N/A       100%        5
 Starburst                Conj/Fire      0%         6d3       100%        6
 Lehudib's Crystal Spear  Conj/Erth      0%         10d2      100%        8
 Sublimation of Blood     Necr           Unusable   N/A       N/A         2
 Animate Armour           Summ/Erth      Unusable   N/A       N/A         4
 Summon Hydra             Summ           Unusable   N/A       N/A         7

Dungeon Overview and Level Annotations

Branches:
Dungeon (14/15)            Temple (0/1) D:6            Lair (0/5) D:8
    Orc (0/2) D:11         Vaults (0/5) D:14

Altars:
Dithmenos
Elyvilon
Kikubaaqudgha
Nemelex Xobeh
Okawaru
Sif Muna
Trog
Vehumet
Xom
Yredelemnul

Shops:
D:9 (   D:11 *   D:13 (

Annotations:
D:10 2 transporters, Jackthecabe's ghost, novice DsHW


Innate Abilities, Weirdness & Mutations

You are immune to sickness and miasma.
Your stone body is resilient. (AC +9)
You are immune to poison.
You resist negative energy. (rN+)
You are resistant to electric shocks. (rElec)
You are resistant to unholy torment.
You are immune to petrification.


Message History

The tengu warrior hits you but does no damage.
The tengu warrior pecks you but does no damage.
You block the tengu warrior's attack.
You hit the tengu warrior.
The tengu warrior suddenly seems more agile.
The tengu warrior is almost dead.
You block the tengu warrior's attack.
The tengu warrior pecks you but does no damage.
You block the tengu warrior's attack.
You closely miss the tengu warrior.
The tengu warrior is almost dead.
The tengu warrior closely misses you.
You block the tengu warrior's attack. x2
You closely miss the tengu warrior.
The tengu warrior is almost dead.
You block the tengu warrior's attack.
The tengu warrior pecks you but does no damage.
You block the tengu warrior's attack.
Unknown command.
You miss the tengu warrior.
The tengu warrior is almost dead.
You block the tengu warrior's attack.
The tengu warrior completely misses you.
You block the tengu warrior's attack.
Unknown command.
You miss the tengu warrior.
The tengu warrior is almost dead.
You block the tengu warrior's attack.
The tengu warrior pecks you but does no damage.
The tengu warrior claws you but does no damage.
Unknown command.
You hit the tengu warrior.
The tengu warrior seems to speed up.
The tengu warrior is almost dead.
You block the tengu warrior's attack.
The tengu warrior pecks you but does no damage.
You block the tengu warrior's attack.
Unknown command.
You miss the tengu warrior.
The tengu warrior is almost dead.
The tengu warrior hits you with a +0 great sword!!
You die...

#### ## c... .#.#... .....
....... ..... ###Q..#
.....# ##.@..# ......
#...#...# ......##.#.# ...#
.........### ..#
........##.##########
.........##..#.......#
............##...∩...#
............##.).....#
.................####'#####


You could see a tengu warrior (berserk, fast, agile).

Vanquished Creatures
  Nessos (D:12)
  An ice dragon (D:11)
  Erolcha (D:12)
  A centaur warrior (D:13)
  A boulder beetle (D:11)
  5 two-headed ogres
  Urug (D:10)
  Nergalle (D:11)
  Pikel (D:6)
  A deep elf pyromancer (D:14)
  2 ugly things
  A manticore (D:14)
  A cyclops (D:11)
  A gargoyle (D:10)
  A kobold demonologist (D:11)
  2 unseen horrors
  A rime drake (D:11)
  An efreet (D:14)
  A komodo dragon (D:12)
  5 trolls
  A meliai (shapeshifter) (D:13)
  A polar bear (D:11)
  A troll (shapeshifter) (D:14)
  A hornet (D:8)
  3 water elementals (D:13)
  3 centaur simulacra (D:11)
  A culicivora (shapeshifter) (D:13)
  Sigmund (D:6)
  A shadow (D:9)
  3 wraiths
  17 yaks
  Edmund (D:6)
  4 vampire mosquitoes (D:12)
  A steam dragon (D:9)
  Menkaure (D:5)
  An acid dragon (D:10)
  4 orc warriors
  3 ice beasts
  2 black bears (D:5)
  5 wolves (D:11)
  2 ogres
  2 centaurs
  2 kobold brigands (D:9)
  A phantom (D:6)
  A bullfrog (D:6)
  3 necrophages
  2 gnoll sergeants (D:9)
  3 scorpions (D:6)
  8 wights
  6 killer bees (D:8)
  10 howler monkeys
  3 electric eels
  2 jellies
  6 orc priests
  2 hounds
  9 iguanas
  Natasha (D:1)
  10 orc wizards
  11 gnolls
  6 adders
  A shadow imp (D:8)
  5 white imps
  An ufetubus (D:5)
  A worm (D:2)
  4 dart slugs
  31 orcs
  7 ball pythons
  6 bats
  8 endoplasms
  5 giant cockroaches
  12 goblins
  9 hobgoblins
  4 jackals (D:2)
  4 quokkas
  4 frilled lizards
  16 kobolds
  5 rats
298 creatures vanquished.

Vanquished Creatures (others)
  A wizard (D:14)
  6 fungi (D:8)
7 creatures vanquished.

Grand Total: 305 creatures vanquished

Notes
Turn   | Place    | Note
-------+----------+-------------------------------------------
     0 | D:1      | timneilson the Gargoyle Fighter began the quest for the
                  | Orb.
     0 | D:1      | Reached XP level 1. HP: 14/14 MP: 1/1
    87 | D:1      | Reached XP level 2. HP: 19/19 MP: 2/2
   325 | D:1      | Reached XP level 3. HP: 17/23 MP: 3/3
   888 | D:2      | Noticed Natasha
  1002 | D:1      | Reached XP level 4. HP: 18/28 MP: 4/4
  1056 | D:1      | Killed Natasha
  1191 | D:2      | Reached skill level 1 in Dodging
  1269 | D:2      | Reached XP level 5. HP: 30/33 MP: 5/5
  1866 | D:3      | Found a basalt altar of Yredelemnul.
  2086 | D:3      | Found a shadowy altar of Dithmenos.
  2474 | D:4      | Reached XP level 6. HP: 37/38 MP: 6/6
  2694 | D:4      | Found an iron altar of Okawaru.
  2703 | D:4      | Became a worshipper of Warmaster Okawaru
  2793 | D:4      | Found an ancient bone altar of Kikubaaqudgha.
  2793 | D:4      | Found a sparkling altar of Nemelex Xobeh.
  2885 | D:4      | Found a white marble altar of Elyvilon.
  3117 | D:5      | Entered Level 5 of the Dungeon
  3205 | D:5      | Reached skill level 5 in Armour
  3205 | D:5      | Reached skill level 5 in Shields
  3205 | D:5      | Reached skill level 1 in Invocations
  3205 | D:5      | Reached XP level 7. HP: 39/43 MP: 7/7
  3260 | D:5      | Reached * piety under Okawaru
  3632 | D:5      | Reached XP level 8. HP: 41/48 MP: 9/9
  3985 | D:6      | Noticed Edmund
  4000 | D:6      | Noticed Menkaure
  4014 | D:5      | Killed Menkaure
  4014 | D:5      | Reached ** piety under Okawaru
  4137 | D:6      | Killed Edmund
  4473 | D:6      | Reached skill level 5 in Fighting
  4473 | D:6      | Reached skill level 1 in Evocations
  4694 | D:6      | Reached skill level 5 in Long Blades
  4750 | D:6      | Found a radiant altar of Vehumet.
  4772 | D:6      | Noticed Sigmund
  4787 | D:6      | Killed Sigmund
  4788 | D:6      | Reached XP level 9. HP: 44/54 MP: 9/11
  5042 | D:6      | Found a staircase to the Ecumenical Temple.
  5044 | D:6      | Noticed Pikel
  5084 | D:6      | Killed Pikel
  5084 | D:6      | Reached *** piety under Okawaru
  6102 | D:7      | Found a shimmering altar of Xom.
  6799 | D:8      | Noticed a hornet
  6832 | D:8      | Killed a hornet
  7130 | D:8      | Reached XP level 10. HP: 32/60 MP: 8/13
  7339 | D:8      | Found a bloodstained altar of Trog.
  7353 | D:8      | Noticed a two-headed ogre
  7373 | D:8      | Killed a two-headed ogre
  7747 | D:8      | Found a staircase to the Lair.
  8242 | D:9      | Found Feolugir's Antique Weapon Emporium.
  8409 | D:9      | Reached **** piety under Okawaru
  8440 | D:9      | Noticed a purple ugly thing
  8506 | D:9      | Killed a purple ugly thing
  8694 | D:9      | Identified the +1 spear of the Abyss {speed, Str+4 Dex-4
                  | SInv}
  8884 | D:9      | Reached skill level 5 in Invocations
  8985 | D:9      | Paralysed by an orc warrior for 4 turns
  9376 | D:9      | Noticed a two-headed ogre
  9403 | D:9      | Killed a two-headed ogre
  9404 | D:9      | Reached XP level 11. HP: 52/66 MP: 12/14
  9617 | D:10     | Entered Level 10 of the Dungeon
  9617 | D:10     | Noticed Urug
  9815 | D:10     | Killed Urug
  9902 | D:9      | Reached ***** piety under Okawaru
  9933 | D:10     | You fall into a shaft and drop 2 floors!
  9938 | D:11     | Found Gyq Ammu's Gadget Gallery.
 10026 | D:11     | Noticed a cyclops
 10050 | D:11     | Killed a cyclops
 10224 | D:11     | Found a frozen archway.
 10226 | D:11     | Noticed an ice dragon
 10237 | D:11     | Received a gift from Okawaru
 10247 | D:11     | HP: 1/67 [ice dragon/blast of cold (32)]
 10251 | D:11     | Killed an ice dragon
 10269 | D:11     | Reached skill level 10 in Shields
 10506 | D:11     | Noticed a boulder beetle
 10589 | D:11     | HP: 2/67 [boulder beetle (8)]
 10620 | D:11     | Killed a boulder beetle
 10621 | D:11     | Reached skill level 10 in Armour
 10795 | D:11     | Reached XP level 12. HP: 46/72 MP: 16/16
 10802 | D:11     | Reached skill level 5 in Dodging
 10975 | D:11     | Found a staircase to the Orcish Mines.
 11068 | D:11     | Noticed Nergalle
 11129 | D:11     | Killed Nergalle
 11304 | D:11     | Identified the +0 ring mail "Keoq Xol" {rElec Str+4}
 11900 | D:10     | Noticed Jackthecabe's ghost (novice DsHW)
 11902 | D:10     | Found a transporter.
 11938 | D:10     | Received a gift from Okawaru
 11967 | D:10     | Found a transporter.
 12000 | D:10     | Noticed a two-headed ogre
 12016 | D:10     | Killed a two-headed ogre
 12718 | D:12     | Identified the +0 buckler of Voracious Lucidity {rCorr
                  | Int+3 Dex-3} (Okawaru gifted it to you on level 12 of the
                  | Dungeon)
 12718 | D:12     | Received a gift from Okawaru
 12851 | D:12     | Noticed Nessos
 12855 | D:12     | Killed Nessos
 12937 | D:12     | Noticed a two-headed ogre
 12951 | D:12     | Killed a two-headed ogre
 12952 | D:12     | Reached skill level 5 in Evocations
 13807 | D:12     | Noticed Erolcha
 13822 | D:12     | Killed Erolcha
 14208 | D:13     | Found Jing's Antique Weapon Emporium.
 14769 | D:13     | Noticed a centaur warrior
 14778 | D:13     | Killed a centaur warrior
 14867 | D:13     | Found a shimmering blue altar of Sif Muna.
 14947 | D:14     | Noticed a two-headed ogre
 14979 | D:13     | Killed a two-headed ogre
 14993 | D:14     | Reached XP level 13. HP: 77/78 MP: 18/18
 15139 | D:14     | Found a gate to the Vaults.
 15299 | D:14     | Mangled by a tengu warrior

Illustrated notes

Levels and vault maps discovered:
D:1:      ncdulo_halloftheorcs, layout_basic
D:2:      layout_loops_ring, uniq_natasha
D:3:      layout_basic, lemuel_doored_altar, lemuel_tele_altar, glass_columns_a
D:4:      layout_rooms, elyvilon_altar_4, gammafunk_temple_overflow_statue,
          okawaru_metal_pillars_1_2, minmay_bisected
D:5:      layout_loops_ring
D:6:      layout_basic, vehumet_altar_wand_db, minmay_temple_entry_nine_rooms,
          uniq_edmund, uniq_pikel, uniq_sigmund, uniq_menkaure
D:7:      layout_basic, kennysheep_mini
D:8:      layout_cave_pods, mainiacjoe_overflow_chevrons, lair_entry_dummy
D:9:      layout_roguey, serial_shops, shop, hangedman_minor_gate_pass
D:10:     lemuel_flame_loot_2, layout_stronghold, gammafunk_ghost_arena,
          uniq_urug
D:11:     layout_irregular_city, orc_0_dummy, serial_ice, serial_ice_i,
          serial_ice_m, serial_ice_d, serial_ice_b,
          portal_ice_cave_entry_animals_and_master, nicolae_shop_gadgets,
          uniq_nergalle
D:12:     layout_layer_cave, uniq_erolcha, uniq_nessos
D:13:     layout_basic, serial_shops, nicolae_shop_behind_doors,
          lemuel_blue_sif_altar
D:14:     layout_cave_pools, david_vaults_1, nemelex_spade_bored_becter,
          nicolae_burly_brawl

Skill      XL: |  1  2  3  4  5  6  7  8  9 10 11 12 |
---------------+-------------------------------------+-----
Long Blades    | 2 3 4 5 6 7 8 9 |  9.3
Armour         | 4 5 6 7 9 10 11 | 11.3
Shields        | 4 5 6 7 9 10 11 | 11.3
Dodging        | 1 2 3 4 5 |  5.7
Fighting       | 4 5 6 7 8 |  8.3
Invocations    | 1 3 4 5 6 7 |  7.2
Evocations     | 1 2 3 4 5 |  5.5

Action                   |  1- 3 |  4- 6 |  7- 9 | 10-12 | 13-15 || total
-------------------------+-------+-------+-------+-------+-------++-------
Melee: Long sword        |   117 |   301 |   569 |  1260 |    42 ||  2289
Invok: Heroism           |       |       |    10 |    35 |       ||    45
       Finesse           |       |       |       |     2 |       ||     2
Evoke: Wand              |       |       |     1 |     7 |       ||     8
  Use: Scroll            |     4 |     9 |     4 |     6 |       ||    23
       Potion            |     2 |       |     1 |     6 |     1 ||    10
 Stab: Paralysed         |       |       |       |       |     2 ||     2
Armor: Scale mail        |    69 |   151 |       |       |       ||   220
       Chain mail        |       |    30 |   376 |   180 |       ||   586
       Plate armour      |       |       |       |   463 |    33 ||   496
Dodge: Dodged            |    59 |   147 |   229 |   314 |    10 ||   759
Block: Buckler           |    37 |    73 |   148 |   170 |       ||   428
       Kite shield       |       |       |       |   746 |    50 ||   796
       Reflection        |       |       |       |    18 |     1 ||    19

Table legend: (Time is in decaauts)
 A = Elapsed time spent in this place.
 B = Non-inter-level travel time spent in this place.
 C = Inter-level travel time spent in this place.
 D = Time resting spent in this place.
 E = Time spent auto-exploring this place.
 F = Levels seen in this place.
 G = Mean time per level.
                   A        B        C        D        E       F      G
               +--------+--------+--------+--------+--------+-----+--------+
         Total |  15571 |  15173 |    398 |    490 |  10028 |  14 | 1112.2 |
       Dungeon |  15571 |  15173 |    398 |    490 |  10028 |  14 | 1112.2 |
               +--------+--------+--------+--------+--------+-----+--------+

Top non-repeatable levels by time:
     D:6: 1682 daAuts
     D:9: 1617 daAuts
    D:11: 1570 daAuts
    D:12: 1538 daAuts
     D:8: 1415 daAuts
     D:7: 1103 daAuts
    D:10: 1029 daAuts
     D:5: 1016 daAuts
    D:13: 1011 daAuts
     D:1: 961 daAuts
     D:3: 893 daAuts
     D:4: 714 daAuts
     D:2: 695 daAuts
    D:14: 321 daAuts
